Map: Lerilak Crest

Players

LilDicky

  • Race: Protoss Protoss
  • League: Diamond

greymatter - Winner!

  • Race: Zerg Zerg
  • League: Gold

VOD

http://www.twitch.tv/tumescentpie

Description

Time

  • Played on: Jan. 5, 2016, 12:06 a.m.
  • Length: 16:06
Show
View Real Time Build Order
Export as new Build Order

LilDicky Protoss 

Build Orders:  

Get SALT Encoding   

  12  0:02  Probe (Chrono Boost)  
  13  0:13  Probe (Chrono Boost)  
  14  0:18  Pylon  
  14  0:25  Probe (Chrono Boost)  
  15  0:37  Probe (Chrono Boost)  
  15  0:42  Forge  
  16  0:47  Probe (Chrono Boost)  
  17  1:02  Probe (Chrono Boost)  
  18  1:23  Probe (Chrono Boost)  
  19  1:34  Probe (Chrono Boost)  
  19  1:35  Pylon  
  20  1:42  Pylon  
  20  1:44  Pylon  
  20  1:46  Pylon  
  20  1:51  Probe (Chrono Boost)  
  21  1:56  Photon Cannon  
  21  2:04  Photon Cannon  
  21  2:06  Pylon  
  20  2:14  Pylon  
  20  2:18  Probe (Chrono Boost)  
  20  2:31  Nexus  
  20  2:41  Pylon  
  20  2:56  Probe (Chrono Boost)  
  21  2:59  Assimilator  
  21  3:05  Gateway  
  21  3:06  Assimilator  
  21  3:14  Probe (Chrono Boost)  
  22  3:25  Probe (Chrono Boost)  
  23  3:38  Photon Cannon  
  23  3:43  Gateway  
  23  3:45  Pylon  
  23  3:49  Probe (Chrono Boost)  
  24  3:56  Cybernetics Core  
  24  4:05  Gateway  
  24  4:08  Pylon  
  24  4:09  Probe (Chrono Boost)  
  25  4:28  Zealot  
  27  4:32  Warp Gate (Chrono Boost)  
  27  4:33  Mothership Core (Chrono Boost)  
  29  4:41  Probe (Chrono Boost)  
  30  4:50  Probe  
  31  4:53  Probe, Gateway  
  32  5:01  Probe  
  32  5:05  Probe  
  34  5:11  Probe  
  35  5:17  Probe  
  36  5:22  Probe  
  37  5:29  Probe  
  37  5:32  Probe  
  39  5:38  Assimilator  
  39  5:41  Probe  
  39  5:42  Assimilator  
  40  5:47  Stargate x2  
  40  5:50  Probe  
  41  5:59  Pylon  
  41  6:11  Probe  
  41  6:13  Probe  
  43  6:25  Probe  
  44  6:26  Pylon  
  44  6:27  Adept x2  
  44  6:28  Adept x2  
  44  6:32  Pylon  
  52  6:35  Gateway  
  52  6:39  Void Ray (Chrono Boost)  
  52  6:40  Void Ray (Chrono Boost)  
  52  6:45  Probe  
  52  6:46  Probe  
  62  6:53  Pylon  
  62  6:58  Probe  
  63  7:02  Probe  
  63  7:06  Adept x4  
  71  7:24  Probe  
  71  7:27  Adept x4  
  80  7:32  Void Ray (Chrono Boost)  
  84  7:42  Pylon  
  79  8:07  Void Ray (Chrono Boost)  
  79  8:09  Adept x3, Void Ray (Chrono Boost)  
  93  8:16  Pylon  
  93  8:23  Adept  
  93  8:47  Void Ray x2 (Chrono Boost)  
  93  8:50  Adept  
  79  9:09  Adept  
  65  9:10  Adept x3  
  77  9:24  Void Ray (Chrono Boost)  
  77  9:29  Probe  
  77  9:30  Nexus  
  76  9:40  Void Ray (Chrono Boost)  
  76  9:42  Probe x2  
  82  9:54  Probe x2  
  84  10:06  Probe  
  85  10:08  Void Ray (Chrono Boost)  
  90  10:15  Mothership Core  
  90  10:18  Probe  
  92  10:21  Pylon  
  92  10:30  Probe  
  93  10:36  Probe  
  94  10:53  Probe  
  94  10:54  Probe x2  
  97  10:58  Void Ray x2 (Chrono Boost)  
  97  11:00  Adept x4  
  97  11:01  Adept  
  115  11:06  Assimilator  
  115  11:09  Assimilator  
  115  11:12  Fleet Beacon  
  115  11:15  Pylon  
  113  11:29  Photon Cannon  
  113  11:30  Pylon  
  113  11:34  Pylon x2  
  113  11:35  Void Ray (Chrono Boost)  
  113  11:38  Pylon, Protoss Air Weapons Level 1  
  117  11:40  Adept x2  
  117  11:45  Pylon  
  121  11:50  Carrier (Chrono Boost)  
  121  11:58  Graviton Catapult (Chrono Boost)  
  127  12:13  Adept, Pylon  
  127  12:14  Adept x2  
  127  12:15  Adept  
  135  12:35  Carrier  
  141  12:52  Nexus  
  138  13:03  Carrier  
  136  13:11  Adept x5  
  95  13:53  Mothership Core  
  95  13:55  Adept x3  
  99  13:56  Adept x2  
  92  14:22  Adept x5  
  102  14:35  Robotics Facility  
  102  14:38  Photon Cannon  
  102  14:39  Photon Cannon  
  102  14:40  Photon Cannon  
  102  14:41  Probe x2  
  92  15:01  Void Ray x2  
  100  15:29  Adept x3  
  100  15:31  Twilight Council  
  106  15:42  Pylon  
Show
View Real Time Build Order
Export as new Build Order

greymatter Zerg - Winner!

Build Orders: Pool First 

Get SALT Encoding   

  12  0:03  Drone  
  13  0:20  Overlord  
  13  0:21  Drone  
  14  0:39  Drone x2  
  16  0:44  Spawning Pool  
  15  0:58  Drone x2  
  17  1:17  Hatchery  
  16  1:21  Drone x2  
  18  1:31  Zergling x2  
  19  1:33  Queen  
  21  1:40  Zergling x2  
  20  2:38  Overlord x3  
  20  2:53  Extractor  
  20  2:58  Zergling x8  
  22  3:01  Spine Crawler x2  
  21  3:08  Drone  
  19  3:41  Zergling x6  
  23  3:55  Zergling x2  
  23  4:05  Hatchery  
  22  4:13  Roach Warren  
  21  4:30  Drone x3  
  21  4:31  Drone x2  
  26  4:33  Metabolic Boost  
  26  5:04  Drone, Extractor  
  26  5:25  Drone x2  
  26  5:26  Drone x2  
  26  5:28  Hatchery, Queen  
  29  5:29  Drone x4  
  35  5:47  Roach x2  
  39  5:56  Zergling x2  
  39  5:57  Roach x3, Zergling x2  
  47  6:01  Lair  
  46  6:19  Roach x2, Zergling x2  
  46  6:24  Overlord  
  51  6:35  Evolution Chamber  
  51  6:36  Evolution Chamber, Overlord x2  
  49  6:44  Queen  
  51  6:48  Drone  
  52  6:56  Drone x2  
  52  6:57  Drone  
  55  7:18  Glial Reconstitution  
  55  7:24  Zerg Missile Weapons Level 1, Zerg Ground Armor Level 1  
  55  7:25  Hydralisk Den  
  54  7:35  Drone x3  
  57  7:37  Drone x3  
  57  7:38  Drone  
  60  8:05  Spore Crawler  
  58  8:06  Spore Crawler  
  58  8:07  Spore Crawler, Roach x5  
  58  8:08  Roach  
  68  8:24  Hydralisk x3  
  73  8:27  Extractor  
  73  8:29  Extractor  
  61  8:52  Hydralisk x4  
  67  9:09  Drone x3  
  68  9:16  Muscular Augments  
  68  9:18  Drone  
  68  9:19  Drone  
  70  9:25  Drone x5  
  75  9:40  Drone  
  75  9:41  Overlord x2  
  76  10:18  Zerg Missile Weapons Level 2  
  76  10:19  Zerg Ground Armor Level 2  
  76  10:31  Hatchery, Extractor  
  76  10:34  Hydralisk, Roach x3, Extractor  
  81  10:38  Overlord  
  81  10:50  Drone  
  81  10:52  Drone, Hydralisk  
  81  10:53  Roach  
  87  10:58  Queen  
  89  11:14  Hydralisk x2  
  89  11:15  Hydralisk  
  95  11:24  Overlord x2  
  95  11:25  Hydralisk  
  95  11:28  Hydralisk  
  99  11:49  Drone x9  
  108  12:04  Hydralisk x2  
  108  12:05  Roach x3  
  118  12:13  Overseer x2  
  118  12:16  Spore Crawler  
  118  12:18  Spore Crawler  
  118  12:20  Spore Crawler  
  115  12:25  Spore Crawler x2  
  113  12:32  Hydralisk x2  
  117  12:44  Overlord  
  117  12:46  Roach x2  
  117  12:48  Drone, Overlord  
  117  12:49  Overlord  
  102  13:39  Hydralisk x7, Roach x2  
  102  13:40  Hydralisk x2, Roach  
  96  14:04  Hydralisk  
  96  14:05  Hydralisk x5  
  86  14:18  Hydralisk x3  
  90  14:29  Hydralisk x3  
  96  14:40  Hydralisk x6  
  92  15:00  Ravager  
  92  15:02  Hydralisk x4  
  92  15:03  Hydralisk x4  
  109  15:11  Roach x3  
  115  15:29  Hydralisk x2  
  115  15:30  Hydralisk  
  121  15:39  Overlord x4  
Tags
 
Add a new tag
Caveats
  • Supply blocks, unpowered buildings, or Contaminate may cause inaccurate times.
  • Supply counts are checked every 10 seconds.